 Dungeon Crawl Stone Soup version 0.31-a0-940-gdaa99269f9 (webtiles) character file.

Game seed: 17903253836154250094

0 avis the Charlatan (level 1, 8/9 HPs)
             Began as a Felid Artificer on Oct 21, 2023.
             Got out of the dungeon alive.
             The game lasted 00:00:54 (48 turns).

avis the Charlatan (Felid Artificer)                  Turns: 48, Time: 00:00:54

Health: 8/9        AC:  1    Str:  8    XL:     1   Next: 8%
Magic:  2/2        EV: 18    Int: 12    God:
Gold:   0          SH:  0    Dex: 16    Spells: 0/0 levels left
                                        Lives:  0   Deaths: 1

rFire   . . .        (weapon unavailable)
rCold   . . .        (shield unavailable)
rNeg    . . .        (body armour unavailable)
rPois   .            (helmet unavailable)
rElec   .            (cloak unavailable)
rCorr   .            (gloves unavailable)
SInv    +            (boots unavailable)
Will    .....        (no amulet)
Stlth   ++           (no ring)
HPRegen 0.21/turn    (no ring)
MPRegen 0.08/turn

%: no passive effects
@: quick
A: very small, claws 1, fangs 3, see invisible, speed 1, shaggy fur 1, stealthy
paws, no weapons or thrown items, no armour, multi-lived
a: no special abilities


You escaped.
You visited 1 branch of the dungeon, and saw 1 of its levels.

Inventory:

Wands
 a - a wand of flame (15) (quivered)
 b - a wand of charming (15)
 c - a wand of iceblast (5)
Potions
 d - a potion of heal wounds {unknown}


   Skills:
 - Level 1.0 Fighting
 * Level 3.2 Dodging
 - Level 1.3 Stealth
 - Level 3.2 Evocations


You couldn't memorise any spells.
You didn't know any spells.
Your spell library was empty.

Dungeon Overview and Level Annotations

Branches:
Dungeon (1/15)

Altars:


Innate Abilities, Weirdness & Mutations

You have sharp claws.
You have razor-sharp teeth.
You have supernaturally acute eyesight. (SInv)
You cover ground quickly. (Speed+)
You are covered in fur. (AC +1)
Your paws help you pounce on unaware monsters.
You are incapable of wielding weapons or throwing items.
You cannot wear armour.
You gain extra lives every three experience levels.


Message History

Found a staircase leading out of the dungeon.
You open the door.
There is an open door here.
Found a whip.
You see here a +0 whip.
A gnoll comes into view. It is wielding a +0 whip.
The gnoll shouts!
The gnoll moves out of view.
A giant cockroach comes into view.
You barely miss the gnoll. The gnoll hits you with a +0 whip.
Ouch! That really hurt!
You barely miss the gnoll. The gnoll closely misses you.
You scratch the gnoll.
The gnoll is moderately wounded.
The gnoll closely misses you.
You scratch the gnoll but do no damage.
The gnoll is moderately wounded.
The gnoll hits you with a +0 whip!
Ouch! That really hurt!
You die...
You rejoin the land of the living...
Found 12 gold pieces.
A kobold comes into view.
It is wielding a +1 short sword of speed.
The helpless kobold fails to defend itself.
You scratch the kobold.
You kill the kobold!
You see here a +1 short sword of speed.
A goblin comes into view. It is wielding a +0 club.
The goblin shouts!
Found a white potion.
Found an escape hatch in the floor.
The teleport trap disappears.
The goblin disappears!
d - a white potion
There is an escape hatch in the floor here.
As you open the door, it creaks loudly!
There is an open door here.
The giant cockroach bites you but does no damage.
There is a staircase leading out of the dungeon here.
The giant cockroach bites you.
You have escaped!

#....######## ####.....
#....Bg†.)..# ##........
#....###.##.# ##......#..
#....######'#####....##..#..
#....##.........####.##.##..
#....##.........# #....##..
####.##..⌠...⌠..####..####..
#.##.....B...##...## .. #.
+....@....'....#
#.........#>.###
#..⌠...⌠..#..#
#.........#.....#
#.........#..##.#
#####+#####.## .# ... ..
#.## #. ..


You could see a giant cockroach.

Vanquished Creatures
  A kobold (D:1)
1 creature vanquished.

Notes
Turn   | Place    | Note
-------+----------+-------------------------------------------
     0 | D:1      | avis the Felid Artificer began the quest for the Orb.
     0 | D:1      | Reached XP level 1. HP: 9/9 MP: 2/2
    21 | D:1      | Slain by a gnoll
    48 | D:$      | Got out of the dungeon alive.

Illustrated notes

Levels and vault maps discovered:
D:1:      mushboom_english_gardens, layout_rooms, minmay_split_cup_small

Action                     || total
---------------------------++-------
  Melee: Unarmed           ||     5
   Stab: Sleeping          ||     1
 Armour: Skin              ||     4
  Dodge: Dodged            ||     2

Table legend: (Time is in decaauts)
 A = Elapsed time spent in this place.
 B = Non-inter-level travel time spent in this place.
 C = Inter-level travel time spent in this place.
 D = Time resting spent in this place.
 E = Time spent auto-exploring this place.
 F = Levels seen in this place.
 G = Mean time per level.
                   A        B        C        D        E       F      G
               +--------+--------+--------+--------+--------+-----+--------+
         Total |     40 |     40 |      0 |      0 |      5 |   1 |   40.0 |
       Dungeon |     40 |     40 |      0 |      0 |      5 |   1 |   40.0 |
               +--------+--------+--------+--------+--------+-----+--------+

Top non-repeatable levels by time:
     D:1: 40 daAuts
